 Dungeon Crawl Stone Soup version 0.27.1-2-g3b301248ec (webtiles) character file.

Game seed: 6038730999617271273

173 nxtlvl the Cleaver (level 5, -2/45 HPs)
             Began as a Hill Orc Monk on Sept 25, 2021.
             Slain by a kobold brigand (6 damage)
             ... in a sewer.
             The game lasted 00:08:45 (1126 turns).

nxtlvl the Cleaver (Hill Orc Monk)                  Turns: 1126, Time: 00:08:46

Health: -2/45      AC: 10    Str: 14    XL:     5   Next: 53%
Magic:  5/5        EV:  6    Int: 10    God:
Gold:   67         SH:  0    Dex: 14    Spells: 4/4 levels left

rFire    . . .     SeeInvis .   a - +0 hand axe
rCold    . . .     Faith    .   (no shield)
rNeg     . . .     Spirit   .   c - +0 shadow dragon scales
rPois    .         Reflect  .   (no helmet)
rElec    .         Harm     .   (no cloak)
rCorr    .         Rampage  .   (no gloves)
Will     .....                  (no boots)
Stlth    +++.......             d - amulet of the acrobat
HPRegen  0.15/turn              (no ring)
MPRegen  0.09/turn              (no ring)

@: brilliant
A: no striking features
a: no special abilities


You were in a sewer.
You visited 1 branch of the dungeon, and saw 5 of its levels.
You also visited: Sewer.

You collected 67 gold pieces.

Inventory:

Hand Weapons
 a - a +0 hand axe (weapon)
 b - a +0 hunting sling
Missiles
 f - 9 sling bullets
Armour
 c - +0 shadow dragon scales (worn)
Jewellery
 d - an amulet of the acrobat (around neck)
Scrolls
 e - a scroll of enchant armour {unknown}
 h - a scroll of silence {unknown}
 i - a scroll of fear {unknown}
 j - a scroll of summoning {unknown}
 k - a scroll of enchant weapon {unknown}
Potions
 g - a potion of brilliance


   Skills:
 - Level 3.6 Fighting
 * Level 8.0 Axes
 - Level 2.4 Dodging
 - Level 1.5 Stealth


You had 4 spell levels left.
You didn't know any spells.
Your spell library was empty.

Dungeon Overview and Level Annotations

Branches:
Dungeon (5/15)              Sewer (1/1)
 Temple: D:4-7

Altars:
Dithmenos
Qazlal

Shops:
D:2 !


Message History

Moving in this stuff is going to be slow.
You enter the shallow water.
Moving in this stuff is going to be slow.
The kobold brigand hits you but does no damage.
The kobold brigand splashes around in the water.
You hit the kobold brigand but do no damage.
You hit the kobold brigand.
The kobold brigand is lightly wounded.
The kobold brigand hits you with a +0 short sword.
You closely miss the kobold brigand.
The kobold brigand hits you with a +0 short sword!
You barely miss the kobold brigand. The kobold brigand barely misses you.
You hit the kobold brigand but do no damage.
The kobold brigand hits you but does no damage.
You hit the kobold brigand.
The kobold brigand is lightly wounded.
The kobold brigand splashes around in the water.
You hit the kobold brigand.
The kobold brigand is heavily wounded.
The kobold brigand hits you with a +0 short sword.
* * * LOW HITPOINT WARNING * * *
You closely miss the kobold brigand.
The kobold brigand is moderately wounded.
The kobold brigand barely misses you.
You hit the kobold brigand.
The kobold brigand is heavily wounded.
The kobold brigand hits you but does no damage.
Your shadow dragon scales prevents you from hitting the kobold brigand.
The kobold brigand is heavily wounded.
The kobold brigand hits you with a +0 short sword!
* * * LOW HITPOINT WARNING * * *
You barely miss the kobold brigand.
The kobold brigand is heavily wounded.
It was a potion of brilliance.
You feel clever all of a sudden.
The kobold brigand splashes around in the water.
You hit the kobold brigand.
The kobold brigand is severely wounded.
The kobold brigand hits you with a +0 short sword.
You die...

## #∩ ############ #
###.###.....≈≈≈..# .##
###.....≈.≈≈.≈≈≈≈≈.#...#
≈≈≈≈≈≈≈≈≈≈≈≈≈≈≈≈≈≈.#...
≈≈≈≈≈≈≈≈≈≈≈≈≈≈≈≈≈≈≈...
≈≈≈≈≈≈≈≈≈≈≈≈≈≈≈≈≈≈.#
#...≈.≈.≈..)≈≈K≈≈#
#######.≈.≈≈.≈@..#
##≈######### #≈# #≈# #≈#
#≈# #≈# #≈# #≈#


You could see a kobold brigand.

Vanquished Creatures
  A hound (D:5)
  A scorpion zombie (D:5)
  A hound zombie (D:5)
  3 adders
  2 river rats (Sewer)
  A shadow imp (D:5)
  A dart slug (D:1)
  An orc (D:3)
  5 endoplasms
  5 giant cockroaches
  8 goblins
  2 hobgoblins (D:3)
  A jackal (Sewer)
  2 quokkas
  3 ball pythons
  3 bats
  2 frilled lizards
  3 kobolds
  8 rats
53 creatures vanquished.

Vanquished Creatures (others)
  An orc (D:3)
1 creature vanquished.

Grand Total: 54 creatures vanquished

Notes
Turn   | Place    | Note
-------+----------+-------------------------------------------
     0 | D:1      | nxtlvl the Hill Orc Monk began the quest for the Orb.
     0 | D:1      | Reached XP level 1. HP: 19/19 MP: 1/1
   100 | D:2      | Reached XP level 2. HP: 24/26 MP: 2/2
   103 | D:2      | Found a shadowy altar of Dithmenos.
   246 | D:2      | Found Xucopi's Distillery.
   253 | D:2      | Reached skill level 5 in Axes
   321 | D:2      | Noticed an ogre
   491 | D:4      | Reached XP level 3. HP: 27/31 MP: 3/3
   620 | D:3      | Found a stormy altar of Qazlal.
   635 | D:3      | Reached skill level 6 in Axes
   717 | D:3      | Reached XP level 4. HP: 39/39 MP: 4/4
   810 | D:5      | Entered Level 5 of the Dungeon
   870 | D:5      | Reached skill level 7 in Axes
   937 | D:5      | Reached XP level 5. HP: 19/45 MP: 5/5
  1012 | D:5      | Found a glowing drain.
  1034 | Sewer    | Entered a sewer
  1059 | Sewer    | Reached skill level 8 in Axes
  1109 | Sewer    | Noticed a kobold brigand
  1126 | Sewer    | Slain by a kobold brigand

Illustrated notes

Levels and vault maps discovered:
D:1:      mrwooster_arrival_statue_3, layout_rooms, basic_ecumenical_altar,
          serial_forest, infiniplex_forest_straight_1,
          infiniplex_forest_zigzag_1, infiniplex_forest_fountain,
          infiniplex_forest_end_3, infiniplex_forest_straight_2,
          infiniplex_forest_clump_diagonal, infiniplex_forest_clump_medium,
          infiniplex_forest_lined_3, infiniplex_forest_clump_small,
          infiniplex_forest_straight_2
D:2:      wander_river, layout_loops_corners, basic_altar, serial_shops, shop,
          serial_forest, infiniplex_forest_lined_room_,
          infiniplex_forest_corner_1, infiniplex_forest_lined_room_3,
          infiniplex_forest_clump_tiny, infiniplex_forest_corner_2,
          infiniplex_forest_clump_curved, infiniplex_forest_clump_tiny,
          kennysheep_generic_room_15
D:3:      layout_rooms, nicolae_qazlal_eye_of_the_storm, lemuel_another_geyser
D:4:      gammafunk_steamed_eel, layout_basic, minmay_temple_entry_junction,
          grunt_ministairs_15
D:5:      layout_gridville, cheibrodos_sewer_entry_drain, uniq_ijyb
Sewer:    sewer_kobolds

Skill      XL: |  1  2  3  4  5 |
---------------+----------------+-----
Axes           | 5 6 7 8 |  8.0
Fighting       | |  3.6
Dodging        | |  2.4
Stealth        | |  1.5

Action                   |  1- 3 |  4- 6 || total
-------------------------+-------+-------++-------
Melee: Hand axe          |   119 |    92 ||   211
 Fire: Hunting sling     |     7 |     8 ||    15
  Use: Potion            |       |     1 ||     1
 Stab: Sleeping          |     7 |     2 ||     9
       Distracted        |     1 |       ||     1
Armor: Shadow dragon sca |    57 |    36 ||    93
Dodge: Dodged            |    63 |    21 ||    84
